 Dungeon Crawl Stone Soup version 0.24.1-14-gf8d2b509d9 (webtiles) character file.

Game seed: 4209716808001300987, levelgen mode: deterministic

33669 rjrrt the Destroyer (level 13, -5/72 HPs)
             Began as a Deep Elf Fire Elementalist on Aug 31, 2021.
             Was an Elder of Vehumet.
             Slain by a swamp worm (15 damage)
             ... on level 3 of the Lair of Beasts.
             The game lasted 01:06:34 (17254 turns).

rjrrt the Destroyer (Deep Elf Fire Elementalist)   Turns: 17254, Time: 01:06:35

Health: -5/72      AC: 15    Str:  5    XL:     13   Next: 38%
Magic:  8/31       EV: 10    Int: 31    God:    Vehumet [****..]
Gold:   738        SH:  0    Dex: 15    Spells: 12/36 levels left

rFire    + . .     SeeInvis .   a - staff of fire
rCold    . . .     Gourm    .   (no shield)
rNeg     . . .     Faith    .   D - +4 ring mail {rPois}
rPois    +         Spirit   .   t - +0 helmet
rElec    .         Reflect  .   o - +2 cloak {MR+}
rCorr    .         Harm     .   (no gloves)
MR       ++...                  p - +0 pair of boots
Stlth    ++........             s - amulet of regeneration
HPRegen  0.62/turn              w - ring of stealth
MPRegen  0.22/turn              x - +5 ring of intelligence

@: very slightly contaminated
A: no striking features
a: Renounce Religion


You were on level 3 of the Lair of Beasts.
You worshipped Vehumet.
Vehumet was greatly pleased with you.
You were hungry.

You visited 3 branches of the dungeon, and saw 14 of its levels.
You also visited: Ossuary and Bailey.

You collected 738 gold pieces.

Inventory:

Hand Weapons
 b - a +3 halberd of electrocution
 c - a +5 lajatang of pain
Missiles
 u - 13 poisoned darts (quivered)
 z - 7 atropa-tipped darts
 G - 3 throwing nets
 J - 72 boomerangs
Armour
 o - a +2 cloak of magic resistance (worn)
 p - a +0 pair of boots (worn)
 t - a +0 helmet (worn)
 D - a +4 ring mail of poison resistance (worn)
Magical Staves
 a - an uncursed staff of fire (weapon)
Jewellery
 i - an uncursed ring of fire
 s - an amulet of regeneration (around neck)
 w - a ring of stealth (left hand)
 x - a +5 ring of intelligence (right hand)
 I - an uncursed ring of resist corrosion {unknown}
 M - an uncursed ring of wizardry
Wands
 m - a wand of iceblast (10)
 y - a wand of digging (5)
Scrolls
 d - 8 scrolls of remove curse
 f - 7 scrolls of teleportation
 C - a scroll of blinking
 E - a scroll of magic mapping
 F - 2 scrolls of fog
 L - 2 scrolls of amnesia
 O - 4 scrolls of identify
Potions
 e - 5 potions of flight
 g - 3 potions of lignification
 h - 2 potions of berserk rage
 j - 4 potions of resistance
 k - 4 potions of mutation
 l - 8 potions of might
 n - 2 potions of invisibility
 q - 13 potions of curing
 r - a potion of cancellation
 v - a potion of agility
 B - 5 potions of heal wounds
 H - a potion of haste
 K - 2 potions of magic
Comestibles
 A - 20 rations


   Skills:
 + Level 5.2 Fighting
 + Level 3.1 Staves
 + Level 5.2 Armour
 - Level 2.4 Dodging
 - Level 2.4 Stealth
 + Level 12.4 Spellcasting
 * Level 14.1 Conjurations
 + Level 3.3 Necromancy
 * Level 13.2 Fire Magic
 + Level 3.8 Evocations


You had 12 spell levels left.
You knew the following spells:

 Your Spells              Type           Power        Failure   Level  Hunger
a - Flame Tongue          Conj/Fire      #####        1%          1    None
b - Conjure Flame         Conj/Fire      ########     1%          3    None
c - Sticky Flame          Conj/Fire      ########     1%          4    None
d - Fireball              Conj/Fire      ########..   1%          5    #......
e - Throw Flame           Conj/Fire      ######       1%          2    None
f - Iskenderun's Mystic   Conj           #######.     1%          4    None
g - Bolt of Draining      Conj/Necr      ######....   2%          5    #......

Your spell library contained the following spells:

 Spells                   Type           Power        Failure   Level  Hunger
 Bolt of Magma            Conj/Fire/Erth #######...   1%          5    #......
 Magic Dart               Conj           ####         1%          1    None
 Searing Ray              Conj           ######       1%          2    None
 Dazzling Spray           Conj/Hex       ######       1%          3    None
 Inner Flame              Hex/Fire       ######..     1%          3    None
 Force Lance              Conj/Tloc      ######..     1%          4    None
 Fulminant Prism          Conj/Hex       ######....   1%          4    None
 Vampiric Draining        Necr           #####.....   8%          3    None
 Confusing Touch          Hex            ###...       11%         1    None
 Summon Small Mammal      Summ           ###.         11%         1    None
 Call Imp                 Summ           ###.....     16%         2    None
 Call Canine Familiar     Summ           ###.....     30%         3    None
 Confuse                  Hex            ###.....     30%         3    None
 Gell's Gravitas          Tloc           ###.......   30%         3    None
 Spectral Weapon          Hex/Chrm       ###.....     30%         3    None
 Summon Guardian Golem    Hex/Summ       ###.....     30%         3    None
 Yara's Violent Unravell  Hex/Tmut       ###.......   54%         5    #......
 Cause Fear               Hex            ###.......   71%         4    None
 Petrify                  Tmut/Erth      ###.....     71%         4    None
 Summon Ice Beast         Ice/Summ       ###.....     71%         4    None
 Summon Lightning Spire   Summ/Air       ###.....     71%         4    None
 Metabolic Englaciation   Hex/Ice        ###.......   96%         5    #......
 Silence                  Hex/Air        ###.......   96%         5    #......
 Darkness                 Hex            ###.......   100%        6    ####...
 Deflect Missiles         Chrm/Air       ###.......   100%        6    ####...
 Discord                  Hex            ###.......   100%        8    #######


Dungeon Overview and Level Annotations

Branches:
Dungeon (10/15)            Temple (1/1) D:7            Lair (3/6) D:10
  Snake (0/4) Lair:2      Ossuary (visited)          Bailey (visited)
  Swamp: Lair:2-4    Shoals: Lair:2-4       Orc: D:9-12

Altars:
Ashenzari
Cheibriados
Dithmenos
Elyvilon
Fedhas
Gozag
Hepliaklqana
Kikubaaqudgha
Makhleb
Nemelex Xobeh
Okawaru
Qazlal
Ru
Sif Muna
Trog
Uskayaw
Vehumet
Wu Jian
Xom
Yredelemnul
Zin
The Shining One

Shops:
D:8 (

Annotations:
D:3 2 transporters, bronco's ghost, amateur DrTm


Message History

Casting: Fireball (safe; 1% risk of failure)
Confirm with . or Enter, or press ? or * to list all spells.
Aiming: Sticky Flame (safe; 1% risk of failure)
Press: ? - help, Shift-Dir - straight line, f - swamp worm
Aim: a swamp worm (moderately wounded)
You feel a surge of power!
The sticky flame hits the swamp worm.
The swamp worm is heavily wounded.
The swamp worm is covered in liquid flames!
The swamp worm burns!
The swamp worm bites you!
* * * LOW HITPOINT WARNING * * *
The swamp worm bites you.
* * * LOW HITPOINT WARNING * * *
Casting: Sticky Flame (safe; 1% risk of failure)
Confirm with . or Enter, or press ? or * to list all spells.
Aiming: Flame Tongue (safe; 1% risk of failure)
Press: ? - help, Shift-Dir - straight line, f/p - swamp worm
Aim: a swamp worm (severely wounded, covered in liquid flames)
You feel a surge of power!
The flame tongue misses the swamp worm.
The swamp worm burns!
The swamp worm bites you!
You die...

...............♣♣≈..≈♣♣.....##≈≈≈
...............♣♣≈♣.≈♣♣........≈≈
................♣♣..≈♣.......P.≈≈
................♣w♣n≈♣).......≈≈≈
#...............♣≈n.≈♣..........≈
#...............♣≈.♣≈♣..........≈
###.............♣♣..♣♣....<......
##.............♣..♣..........##
#...##......#.@♣§.♣......(.....
#########.####.w⌠⌠....=......#.
### ##......##...P..##.
#........#...P.####
##.......###.P.## # ##.......##
###.# #.........##.####
###.........|.## #..............#


You could see a swamp worm (burning).

Vanquished Creatures
  A hydra (Lair:1)
  10 death yaks (Lair:3)
  6 elephants (Lair:3)
  A black mamba (Lair:1)
  Psyche (D:9)
  4 spiny frogs
  4 komodo dragons
  A rime drake (Lair:2)
  A troll (D:7)
  A hornet (D:10)
  3 hippogriffs
  2 bog bodies (Lair:3)
  3 slime creatures
  2 basilisks
  15 yaks
  A hungry ghost (D:9)
  A swamp worm (Lair:3)
  3 wargs (D:10)
  Edmund (D:6)
  10 water moccasins
  6 porcupines
  5 orc warriors
  A phantom (D:5)
  An ice beast (D:5)
  3 sky beasts
  2 black bears (D:7)
  11 ogres
  4 wolves (Lair:2)
  4 crocodiles
  A centaur (D:6)
  Blork the orc (D:6)
  11 bullfrogs
  A wyvern zombie (D:8)
  A water moccasin zombie (D:6)
  4 scorpions
  16 killer bees
  5 wights (D:10)
  4 howler monkeys
  An electric eel (Lair:3)
  2 crimson imps
  A bullfrog zombie (D:10)
  3 centaur zombies
  3 quasits
  2 human zombies (Ossuary)
  3 jellies
  6 orc priests
  Crazy Yiuf (D:5)
  5 hounds
  A bullfrog skeleton (D:10)
  4 hell rats (Lair:1)
  3 iguanas
  5 orc wizards
  9 worker ants
  5 big kobold zombies (Ossuary)
  3 mummies (Ossuary)
  12 adders
  25 gnolls
  5 river rats (Lair:1)
  2 shadow imps
  4 adder zombies
  3 worms
  3 dart slugs
  2 leopard geckos (D:1)
  19 orcs
  9 bats
  5 giant cockroaches
  10 goblins
  20 hobgoblins
  13 jackals
  17 kobolds
  A quokka (D:2)
  2 ball pythons
  A ball python skeleton (D:4)
  6 frilled lizards
  A gnoll zombie (Ossuary)
  4 goblin zombies (Ossuary)
  4 hobgoblin zombies (Ossuary)
  A jackal skeleton (D:6)
  3 jackal zombies (Ossuary)
  3 kobold zombies (Ossuary)
  2 orc zombies (Ossuary)
  5 quokka zombies
  11 rats
  3 rat zombies (Ossuary)
  A plant (Lair:1)
406 creatures vanquished.

Vanquished Creatures (collateral kills)
  A hound zombie (Ossuary)
1 creature vanquished.

Vanquished Creatures (others)
  A fungus (Lair:1)
  A plant (Lair:3)
2 creatures vanquished.

Grand Total: 409 creatures vanquished

Notes
Turn   | Place    | Note
-------+----------+-------------------------------------------
     0 | D:1      | rjrrt the Deep Elf Fire Elementalist began the quest for
                  | the Orb.
     0 | D:1      | Reached XP level 1. HP: 10/10 MP: 6/6
    91 | D:1      | Reached XP level 2. HP: 15/15 MP: 4/8
   120 | D:1      | Reached skill level 2 in Conjurations
   488 | D:1      | Reached XP level 3. HP: 17/19 MP: 2/10
   493 | D:1      | Learned a level 3 spell: Conjure Flame
  1311 | D:2      | Reached skill level 3 in Conjurations
  1508 | D:2      | Reached XP level 4. HP: 24/24 MP: 5/11
  1514 | D:2      | Learned a level 4 spell: Sticky Flame
  1971 | D:3      | Found an ancient bone altar of Kikubaaqudgha.
  2091 | D:3      | Found a transporter.
  2097 | D:3      | Found a transporter.
  2097 | D:3      | Noticed bronco's ghost (amateur DrTm)
  2468 | D:3      | Learned a level 2 spell: Throw Flame
  2750 | D:4      | Reached XP level 5. HP: 20/28 MP: 4/13
  2905 | D:4      | Reached skill level 4 in Conjurations
  3134 | D:4      | Noticed an ogre
  3169 | D:4      | Killed an ogre
  3169 | D:4      | Reached skill level 5 in Spellcasting
  3169 | D:4      | Reached skill level 5 in Conjurations
  3169 | D:4      | Reached XP level 6. HP: 32/32 MP: 1/15
  3283 | D:4      | Learned a level 5 spell: Fireball
  3527 | D:4      | Reached skill level 5 in Fire Magic
  3927 | D:4      | Reached XP level 7. HP: 36/36 MP: 10/17
  4105 | D:5      | Entered Level 5 of the Dungeon
  4234 | D:5      | Reached skill level 6 in Conjurations
  4317 | D:5      | Found a sand-covered staircase.
  4362 | Ossuary  | Entered an ossuary
  5094 | Ossuary  | Reached skill level 7 in Conjurations
  5476 | D:5      | Found a snail-covered altar of Cheibriados.
  5769 | D:5      | Reached XP level 8. HP: 41/41 MP: 18/20
  5950 | D:5      | Found a runed translucent door.
  5951 | D:5      | Noticed Crazy Yiuf
  5959 | D:5      | Killed Crazy Yiuf
  6091 | D:6      | Noticed Blork the orc
  6369 | D:6      | Killed Blork the orc
  6399 | D:6      | Noticed Edmund
  6407 | D:6      | Reached skill level 8 in Conjurations
  6918 | D:6      | Killed Edmund
  7264 | D:7      | Reached skill level 9 in Conjurations
  7281 | D:7      | Noticed a troll
  7452 | D:7      | Reached XP level 9. HP: 45/45 MP: 19/23
  7553 | D:7      | Killed a troll
  7553 | D:7      | Reached skill level 1 in Fighting
  7684 | D:7      | Reached skill level 1 in Armour
  7806 | D:7      | Found a staircase to the Ecumenical Temple.
  7817 | Temple   | Entered the Ecumenical Temple
  8711 | D:8      | Found Xodaisk's Weapon Shoppe.
  8783 | D:8      | Noticed a +0 hand axe
  8785 | D:8      | Noticed a +0 dagger
  8790 | D:8      | Found a hide-covered altar of Uskayaw.
  8809 | D:8      | Learned a level 4 spell: Iskenderun's Mystic Blast
  8946 | D:8      | Reached skill level 10 in Conjurations
  9165 | D:8      | Found a bloodstained altar of Trog.
  9349 | D:8      | Reached XP level 10. HP: 54/54 MP: 7/25
 10495 | D:9      | Found a white marble altar of Elyvilon.
 10504 | D:9      | Found an opulent altar of Gozag.
 10504 | D:9      | Found a radiant altar of Vehumet.
 10514 | D:9      | Became a worshipper of Vehumet
 10713 | D:9      | Found a shadowy altar of Dithmenos.
 10896 | D:9      | Noticed Psyche
 10898 | D:9      | Killed Psyche
 11026 | D:9      | Reached skill level 11 in Conjurations
 11231 | D:9      | Reached skill level 10 in Spellcasting
 11231 | D:9      | Reached skill level 10 in Fire Magic
 11425 | D:10     | Entered Level 10 of the Dungeon
 11496 | D:10     | Found a flagged portal.
 11556 | D:10     | Reached * piety under Vehumet
 11556 | D:10     | Offered knowledge of Sting by Vehumet.
 11563 | D:10     | Reached XP level 11. HP: 33/60 MP: 5/27
 11677 | Bailey   | Entered a bailey
 12532 | Bailey   | Reached skill level 12 in Conjurations
 12532 | Bailey   | Reached XP level 12. HP: 66/66 MP: 27/29
 12617 | D:10     | Offered knowledge of Sandblast by Vehumet.
 12631 | D:10     | Reached ** piety under Vehumet
 13076 | D:10     | Found a staircase to the Lair.
 13254 | D:10     | Reached skill level 13 in Conjurations
 13429 | Lair:1   | Entered Level 1 of the Lair of Beasts
 13937 | Lair:1   | Offered knowledge of Stone Arrow by Vehumet.
 14021 | Lair:1   | Reached skill level 1 in Evocations
 14310 | Lair:1   | Reached *** piety under Vehumet
 14644 | Lair:1   | Noticed a six-headed hydra
 14648 | Lair:1   | Killed a six-headed hydra
 14648 | Lair:1   | Reached skill level 1 in Staves
 14668 | Lair:1   | Identified the Catalogue of Necromancy and Enchantment
 14698 | Lair:1   | Learned a level 5 spell: Bolt of Draining
 14956 | Lair:2   | Found a staircase to the Snake Pit.
 15128 | Lair:2   | Offered knowledge of Ignite Poison by Vehumet.
 15164 | Lair:2   | Reached skill level 1 in Necromancy
 16092 | Lair:3   | Noticed a death yak
 16128 | Lair:3   | Killed a death yak
 16128 | Lair:3   | Reached XP level 13. HP: 72/72 MP: 31/31
 16297 | Lair:3   | Reached skill level 5 in Fighting
 16381 | Lair:3   | Reached skill level 5 in Armour
 16484 | Lair:3   | Reached **** piety under Vehumet
 16484 | Lair:3   | Reached skill level 14 in Conjurations
 17055 | Lair:3   | Offered knowledge of Bolt of Magma by Vehumet.
 17254 | Lair:3   | Slain by a swamp worm

Levels and vault maps discovered:
D:1:      erik_arrival_triangle_small, layout_loops_ring,
          chequers_serial_rivers_micro_a
D:2:      layout_basic, first_ration
D:3:      layout_basic, nicolae_overflow_crystal_walls,
          gammafunk_ghost_mausoleum
D:4:      layout_loops_corners
D:5:      layout_loops_corners, cheibrodos_worm_habitat, enter_ossuary_1,
          uniq_crazy_yiuf_cottage
D:6:      layout_basic, kennysheep_generic_room_11, uniq_edmund,
          uniq_blork_the_orc
D:7:      layout_cave_pools, minmay_temple_entry_glassed_door, serial_rivers,
          chequers_serial_rivers_large_a, chequers_serial_rivers_small_a,
          chequers_serial_rivers_micro_e, chequers_serial_rivers_marsh,
          grunt_ogre_cave
D:8:      layout_loops_corners, dancing_weapons_uskayaw, serial_shops,
          nicolae_shop_trees, david_defended_altar_orc
D:9:      layout_long_grid, minitemple,
          nicolae_dithmenos_through_a_glass_darkly, uniq_psyche
D:10:     layout_cave_pools, erik_lair_orcish_takeover, enter_bailey_8,
          grunt_ministairs_1
Temple:   nicolae_temple_elliptical
Lair:1:   cheibrodos_lair_river_kwai, layout_chaotic_city,
          kennysheep_abandoned_house
Lair:2:   layout_gridlike, dummy_snake_entry, serial_bayou_shore_a
Lair:3:   layout_cave_pods, nicolae_swamp_entry_splash_gauntlet,
          infiniplex_staircase_pool_2, lemuel_fruit_fields

Skill      XL: |  1  2  3  4  5  6  7  8  9 10 11 12 13 |
---------------+----------------------------------------+-----
Conjurations   | 2 3 5 7 9 10 11 12 13 14 | 14.1
Spellcasting   | 4 5 6 8 9 10 11 12 | 12.4
Fire Magic     | 4 5 6 7 8 10 11 12 13 | 13.2
Fighting       | 2 3 4 5 |  5.2
Armour         | 2 3 4 5 |  5.2
Evocations     | 3 |  3.8
Staves         | 2 3 |  3.1
Necromancy     | 2 3 |  3.3
Dodging        | |  2.4
Stealth        | |  2.4

Action                   |  1- 3 |  4- 6 |  7- 9 | 10-12 | 13-15 || total
-------------------------+-------+-------+-------+-------+-------++-------
Melee: Dagger            |       |     1 |       |       |       ||     1
       Flail             |       |       |    21 |       |       ||    21
       Hand axe          |       |       |     2 |       |       ||     2
       Long sword        |       |       |     5 |    44 |       ||    49
       Staff             |       |       |       |    14 |     6 ||    20
Throw: Dart              |       |    27 |    22 |    28 |    17 ||    94
 Cast: Flame Tongue      |    78 |   107 |   302 |   275 |    17 ||   779
       Conjure Flame     |       |     6 |    17 |    28 |     2 ||    53
       Throw Flame       |       |     4 |     5 |    41 |     7 ||    57
       Sticky Flame      |       |       |    11 |    47 |    14 ||    72
       Fireball          |       |       |    11 |    33 |    12 ||    56
       Iskenderun's Myst |       |       |       |     3 |       ||     3
       Bolt of Draining  |       |       |       |     4 |     6 ||    10
  Use: Scroll            |       |     6 |    12 |    13 |     3 ||    34
       Potion            |       |       |       |     1 |     1 ||     2
  Eat: Chunk             |     2 |     7 |    13 |    10 |       ||    32
       Ration            |       |       |     2 |     4 |     1 ||     7
Armor: Robe              |     2 |     9 |    30 |     6 |       ||    47
       Ring mail         |       |       |       |    67 |     9 ||    76
Dodge: Dodged            |    19 |    18 |    66 |    90 |    12 ||   205
       Rpst.: Long sword |       |       |    10 |    14 |       ||    24
